 Dungeon Crawl Stone Soup version 0.23.2-40-g277498a001 (webtiles) character file.

Game seed: 10029858285806460480

0 Shtrein the Skirmisher (level 1, -6/18 HPs)
             Began as a Demonspawn Abyssal Knight on Oct 10, 2019.
             Was a Follower of Lugonu.
             Mangled by a fire bat (9 damage)
             ... on level 4 of the Abyss.
             The game lasted 00:03:54 (993 turns).

Shtrein the Skirmisher (Demonspawn Abyssal Knight)   Turns: 993, Time: 00:03:54

Health: -6/18      AC:  3    Str: 12    XL:     1   Next: 0%
Magic:  2/2        EV: 11    Int: 13    God:    Lugonu [*.....]
Gold:   18         SH:  0    Dex: 12    Spells: 0/0 levels left

rFire    . . .     SeeInvis .   a - +1 hand axe
rCold    . . .     Gourm    .   (no shield)
rNeg     . . .     Faith    .   b - +0 leather armour
rPois    .         Spirit   .   (no helmet)
rElec    .         Reflect  .   (no cloak)
rCorr    .         Harm     .   (no gloves)
MR       .....                  (no boots)
Stlth    +.........             (no amulet)
HPRegen  0.06/turn              (no ring)
MPRegen  0.08/turn              (no ring)

@: no status effects
A: no striking features
a: Depart the Abyss, Renounce Religion


You were on level 4 of the Abyss.
You worshipped Lugonu.
Lugonu was aware of your devotion.
You were not hungry.

You visited 0 branches of the dungeon, and saw 0 of its levels.
You visited the Abyss 1 time.

You collected 18 gold pieces.

Inventory:

Hand Weapons
 a - a +1 hand axe (weapon)
Armour
 b - a +0 leather armour (worn)
Comestibles
 c - a ration


   Skills:
 + Level 3.0 Fighting
 + Level 1.7 Axes
 + Level 1.7 Armour
 + Level 0.8 Dodging
 + Level 2.4 Invocations


You couldn't memorise any spells.
You didn't know any spells.
Your spell library was empty.

Dungeon Overview and Level Annotations

Branches:
Dungeon (0/15)

Altars:


Message History

Found 18 gold pieces.
You now have 18 gold pieces.
You start resting.
A flying skull comes into view.
You start resting.
A bone dragon comes into view.
A tentacled starspawn comes into view.
A starspawn tentacle comes into view.
The starspawn tentacle misses you.
You hit the starspawn tentacle but do no damage.
Found 3 scrolls labeled ADOGUD HUOMORI.
A glowing orange brain comes into view.
The glowing orange brain turns its attention towards you.
A fire bat comes into view.
The fire bat bites you but does no damage.
The fire bat bites you.
* * * LOW HITPOINT WARNING * * *
You are engulfed in flames!
Ouch! That really hurt!
You die...

.#.#.. .# #..# #...
.
###.#..#.###....#...
..#.
#..#.##..#.........
.. # ...
..#...........
..#..#.##....
.....## ... #####
........#.#.# ####..
#.#..G##...#. .#
##.####....# .#
##......@## #
##..§.##.b.# #
#?##.#####..# #..§.
#.# ##### ## .# .# .


You could see a glowing orange brain and a fire bat.

Vanquished Creatures (others)
  2 starspawn tentacles (Abyss:4)
2 creatures vanquished.

Notes
Turn   | Place    | Note
-------+----------+-------------------------------------------
     0 | Abyss:1  | Shtrein the Demonspawn Abyssal Knight began the quest for
                  | the Orb.
     0 | Abyss:1  | Reached XP level 1. HP: 18/18 MP: 2/2
    35 | Abyss:1  | Noticed a large abomination
    67 | Abyss:2  | Noticed a large abomination
    68 | Abyss:2  | Noticed an orange demon
    69 | Abyss:2  | Noticed an orange demon
    71 | Abyss:3  | Noticed a ynoxinul
    71 | Abyss:3  | Noticed a ynoxinul
    71 | Abyss:3  | Noticed a ynoxinul
    71 | Abyss:3  | Noticed an apocalypse crab
    71 | Abyss:3  | Noticed a green death
   303 | Abyss:3  | Noticed a chaos spawn
   309 | Abyss:3  | Noticed a great orb of eyes
   312 | Abyss:3  | Noticed a lich
   314 | Abyss:3  | Noticed a large abomination
   376 | Abyss:3  | Noticed an iron imp
   398 | Abyss:3  | Noticed a wraith
   441 | Abyss:3  | Noticed a tentacled starspawn
   449 | Abyss:3  | Noticed a hell hog
   511 | Abyss:3  | Noticed a hell hog
   533 | Abyss:3  | Noticed a hell hog
   601 | Abyss:3  | Noticed a smoke demon
   777 | Abyss:3  | Noticed a neqoxec
   841 | Abyss:3  | Noticed a large abomination
   858 | Abyss:3  | Noticed a raiju
   861 | Abyss:3  | Noticed a chaos spawn
   871 | Abyss:3  | Noticed a neqoxec
   879 | Abyss:3  | Noticed a ynoxinul
   884 | Abyss:3  | Noticed a spatial maelstrom
   884 | Abyss:3  | Noticed a raiju
   885 | Abyss:3  | Noticed a raiju
   885 | Abyss:3  | Noticed a worldbinder
   886 | Abyss:3  | Noticed a spatial vortex
   886 | Abyss:3  | Noticed a spatial vortex
   887 | Abyss:3  | Noticed a spatial vortex
   921 | Abyss:4  | Noticed a flying skull
   954 | Abyss:4  | Noticed a bone dragon
   959 | Abyss:4  | Noticed a tentacled starspawn
   984 | Abyss:4  | Noticed a glowing orange brain
   991 | Abyss:4  | Noticed a fire bat
   993 | Abyss:4  | Mangled by a fire bat

Action                   || total
-------------------------++-------
Melee: Hand axe          ||     1
Armor: Leather armour    ||     1
Dodge: Dodged            ||     1
